 Dungeon Crawl Stone Soup version 0.19.1 (webtiles) character file.

85 M4edhros the Insei (level 4, -2/46 HPs)
             Began as an Octopode Chaos Knight on Dec 25, 2016.
             Slain by a sixfirhy (9 damage)
             ... summoned by Xom
             ... on level 2 of the Dungeon.
             The game lasted 00:03:03 (6108 turns).

M4edhros the Insei (Octopode Chaos Knight)          Turns: 6108, Time: 00:03:05

Health: -2/46      AC:  3    Str: 16    XL:     4   Next: 48%
Magic:  4/4        EV: 14    Int: 14    God:    Xom [.*....]
Gold:   68         SH:  0    Dex: 14    Spells: 0 memorised, 3 levels left

rFire  . . .     SeeInvis .       - Unarmed
rCold  . . .     Gourm    .     (no shield)
rNeg   + . .     Faith    .     (helmet restricted)
rPois  +         Spirit   .     (no amulet)
rElec  .         Reflect  .     b - ring of positive energy
rCorr  .         Harm     .     (no ring)
MR     .....                    (no ring)
Stlth  ..........               (no ring)
                                (no ring)
                                (no ring)
                                (no ring)
                                (no ring)

@: berserking, very quick
A: almost no armour, stealthy swim, amphibious, 8 rings, constrict 8, tentacle
spike 1, camouflage 1, agile 1, sense surroundings 1, poison resistance, shaggy
fur 2, wild magic 2, gelatinous body 1
a: Renounce Religion


You were on level 2 of the Dungeon.
You worshipped Xom.
You were a plaything of Xom.
You were not hungry.

You visited 1 branch of the dungeon, and saw 2 of its levels.

You collected 68 gold pieces.

Inventory:

Missiles
 l - 3 poisoned javelins (quivered)
Armour
 d - a +0 leather armour
 j - a +0 buckler
Jewellery
 b - a ring of positive energy (left tentacle)
Scrolls
 e - a scroll of remove curse {unknown}
 f - a scroll of amnesia {unknown}
 k - a scroll of enchant weapon {unknown}
 m - a scroll of identify {unknown}
Potions
 h - a potion of lignification {unknown}
 n - a potion of curing {unknown}
Comestibles
 a - 4 bread rations
 c - 5 fruits
 i - 2 meat rations
 o - 4 chunks of flesh


   Skills:
 - Level 3.0 Fighting
 - Level 2.3 Dodging
 + Level 5.1 Unarmed Combat


You had 3 spell levels left.
You didn't know any spells.

Dungeon Overview and Level Annotations

Branches:
Dungeon (2/15)

Altars:
Xom
Zin


Innate Abilities, Weirdness & Mutations

You cannot wear most types of armour.
You are very stealthy in the water. (Stealth+)
You are amphibious.
You can wear up to eight rings at the same time.
You can use your tentacles to constrict eight enemies at once.
Your skin changes colour to match your surroundings (Stealth+).
Your rubbery body absorbs attacks. (AC +1, EV +1)
One of your tentacles bears a spike.
You are agile. (Dex +2)
You passively map a small area around you.
Your system is resistant to poisons. (rPois)
You are covered in thick fur. (AC +2)
Your spells are harder to cast, but more powerful.


Message History

This raw flesh tastes terrible.
You hear Xom's maniacal laughter.
You are now a plaything of Xom.
There are monsters nearby!
Okay, then.
You aren't carrying any items that you can evoke.
Okay, then.
The sixfirhy barely misses you. x2; The sixfirhy hits you!
The sixfirhy shocks you! The crimson imp barely misses you.
You see here a jackal skeleton.
The crimson imp hits you.
* * * LOW HITPOINT WARNING * * *
The crimson imp blinks!
It was a potion of berserk rage.
A red film seems to cover your vision as you go berserk!
You feel yourself moving faster!
You feel mighty!
Xom is mildly amused.
Xom is highly amused!
The sixfirhy hits you.
* * * LOW HITPOINT WARNING * * *
The sixfirhy shocks you!
You die...

##### ######### #...#
#........ #...#
########........
#...##########...............
#.........÷....######........
#...############ ######...
#...# ################.#.
##.## #####3@..5.........#.#.
###.# #...÷.############.._..
#...# ##.#### * ###.## #.###
#...#* , ..... #.# ###...#
....... #.# ##..# #........
#.# ....* ###...### #.# ##. ,
#.##**# #.# * * , ....>..


You could see a sixfirhy and a crimson imp.

Vanquished Creatures
  2 adders (D:2)
  An adder zombie (D:1)
  5 dart slugs
  A leopard gecko (D:1)
  3 bats
  A giant cockroach (D:2)
  5 goblins
  9 hobgoblins
  7 jackals
  A quokka (D:2)
  7 kobolds (D:1)
  9 rats
51 creatures vanquished.

Notes
Turn   | Place    | Note
-------+----------+-------------------------------------------
     0 | D:1      | M4edhros the Octopode Chaos Knight began the quest for the Orb.
     0 | D:1      | Reached XP level 1. HP: 16/16 MP: 1/1
     0 | D:1      | Noticed a spriggan
     1 | D:1      | Noticed a centaur
     5 | D:1      | Noticed a minotaur
     9 | D:1      | Noticed an elf
    17 | D:1      | Noticed a formicid
   357 | D:1      | XOM: give mutations
   357 | D:1      | Gained mutation: You are agile. (Dex +2) [Xom's grace]
   357 | D:1      | Gained mutation: Your spells are a little harder to cast, but a little more powerful. [Xom's grace]
   357 | D:1      | Gained mutation: Your spells are harder to cast, but more powerful. [Xom's grace]
   357 | D:1      | Gained mutation: You are covered in fur. (AC +1) [Xom's grace]
   467 | D:1      | XOM: god gift: leather armour {god gift}
   763 | D:1      | XOM: give mutations
   763 | D:1      | Gained mutation: You passively map a small area around you. [Xom's grace]
   763 | D:1      | Gained mutation: You are covered in thick fur. (AC +2) [Xom's grace]
   763 | D:1      | Gained mutation: One of your tentacles bears a spike. [Xom's grace]
   763 | D:1      | Gained mutation: Your system is resistant to poisons. (rPois) [Xom's grace]
   815 | D:1      | XOM: scenery: 1 doors open, 1 doors close
  1052 | D:1      | XOM: divination: detect items
  1229 | D:1      | XOM: cloud trail
  1356 | D:1      | XOM: divination: detect items
  1537 | D:1      | XOM: silly message
  1560 | D:1      | Reached XP level 2. HP: 18/21 MP: 2/2
  2656 | D:1      | XOM: divination: detect items
  2661 | D:1      | Reached skill level 4 in Unarmed Combat
  2689 | D:1      | XOM: harmless Pois miscast
  2772 | D:1      | Reached XP level 3. HP: 26/26 MP: 3/3
  2921 | D:1      | XOM is BORED!
  2921 | D:1      | XOM: noise
  3238 | D:1      | XOM is BORED!
  3238 | D:1      | XOM: medium Divn miscast
  4295 | D:2      | Reached XP level 4. HP: 25/31 MP: 4/4
  4402 | D:2      | XOM: cloud trail
  4497 | D:2      | XOM: 3-stop teleportation journey
  4514 | D:2      | Reached skill level 5 in Unarmed Combat
  5109 | D:2      | XOM: scenery: create altars
  5368 | D:2      | XOM: god gift: 3 poisoned javelins
  5398 | D:2      | XOM: 5-stop teleportation journey
  5496 | D:2      | XOM: mild Divn miscast
  5827 | D:2      | Found a glowing silver altar of Zin.
  5895 | D:2      | XOM: harmless Divn miscast
  5945 | D:2      | XOM: severe Pois miscast
  6104 | D:2      | XOM: summons 2 hostile demons
  6105 | D:2      | Noticed a sixfirhy
  6108 | D:2      | Slain by a sixfirhy

Skill      XL: |  1  2  3  4 |
---------------+-------------+-----
Unarmed Combat | 4 5 |  5.1
Fighting       | |  3.0
Dodging        | |  2.3

Action                   |  1- 3 |  4- 6 || total
-------------------------+-------+-------++-------
Melee: Unarmed           |    78 |    29 ||   107
       Constrict         |    24 |     7 ||    31
       Tentacles         |    12 |     4 ||    16
       Kick              |    20 |     6 ||    26
       Punch             |     3 |       ||     3
  Use: Potion            |       |     1 ||     1
 Stab: Distracted        |     2 |     1 ||     3
       Sleeping          |     1 |     3 ||     4
  Eat: Chunk             |     9 |     7 ||    16
Armor: Skin              |     6 |     5 ||    11
Dodge: Dodged            |    39 |    15 ||    54
